 Dungeon Crawl Stone Soup version 0.27.0-1-g7a089689b8 (webtiles) character file.

Game seed: 7333989965297124439

49 nxtlvl the Poker (level 4, -9/33 HPs)
             Began as a Human Gladiator on Aug 4, 2021.
             Mangled by an ogre (20 damage)
             ... on level 4 of the Dungeon.
             The game lasted 00:07:22 (769 turns).

nxtlvl the Poker (Human Gladiator)                   Turns: 769, Time: 00:07:23

Health: -9/33      AC: 11    Str: 14    XL:     4   Next: 2%
Magic:  0/4        EV:  7    Int:  8    God:
Gold:   12         SH:  0    Dex: 16    Spells: 3/3 levels left

rFire    . . .     SeeInvis .   a - +0 trident
rCold    + . .     Faith    .   (no shield)
rNeg     . . .     Spirit   +   f - +2 chain mail {rC+}
rPois    .         Reflect  .   c - +0 helmet
rElec    .         Harm     .   (no cloak)
rCorr    .         Rampage  .   (no gloves)
Will     .....                  (no boots)
Stlth    ..........             g - amulet of guardian spirit
HPRegen  0.11/turn              (no ring)
MPRegen  0.09/turn              (no ring)

@: no status effects
A: no striking features
a: no special abilities


You were on level 4 of the Dungeon.
You visited 1 branch of the dungeon, and saw 4 of its levels.

You collected 12 gold pieces.

Inventory:

Hand Weapons
 a - a +0 trident (weapon)
Missiles
 b - 6 datura-tipped darts (quivered)
 h - 17 bolts
Armour
 c - a +0 helmet (worn)
 f - a +2 chain mail of cold resistance (worn)
Jewellery
 g - an amulet of guardian spirit (around neck)
Scrolls
 i - a scroll of amnesia {unknown}
 j - a scroll of identify {unknown}
 k - a scroll of teleportation {unknown}


   Skills:
 - Level 2.0 Fighting
 + Level 4.6 Polearms
 - Level 2.0 Throwing
 - Level 3.0 Dodging


You had 3 spell levels left.
You didn't know any spells.
Your spell library was empty.

Dungeon Overview and Level Annotations

Branches:
Dungeon (4/15)
 Temple: D:4-7

Altars:


Message History

The ogre struggles against the net.
Reach: a) +0 trident
Press: ? - help, Dir - move target, f/p - ogre
Aim: an ogre, wielding a +0 giant club (entangled in a net, about 7% to evade your +0 trident)
You reach to attack!
You puncture the ogre!
The ogre is moderately wounded.
The ogre struggles against the net.
Reach: a) +0 trident
Press: ? - help, Dir - move target, f/p - ogre
Aim: an ogre, wielding a +0 giant club (moderately wounded, entangled in a net, about 7% to evade your +0 trident)
You reach to attack!
You catch the helpless ogre completely off-guard!
You hit the ogre.
The ogre is heavily wounded.
The ogre struggles against the net.
The net rips apart, and the ogre comes free!
Throw: throwing net
Press: ? - help, Q - select action, (/) - cycle Shift-Dir - straight line, f/p - ogre
Aim: an ogre, wielding a +0 giant club (heavily wounded, 76% to hit)
You throw a throwing net.
The throwing net barely misses the ogre.
You hit the ogre but do no damage.
The ogre is heavily wounded.
The ogre hits you with a +0 giant club!
You hit the ogre.
The ogre is heavily wounded.
You barely miss the ogre.
The ogre is heavily wounded.
The ogre closely misses you.
You hit the ogre.
The ogre is severely wounded.
The ogre hits you but does no damage.
You hit the ogre but do no damage.
The ogre is severely wounded.
The ogre barely misses you.
You barely miss the ogre.
The ogre is severely wounded.
The ogre hits you with a +0 giant club!!
Ouch! That really hurt!
You die...

##########
#..@O†..(#
#.####..<#
.. #.....#
#.#
#........#
#
####.....#
......#
..#.##.#
..... ...
.......
.##


You could see an ogre.

Vanquished Creatures
  2 adders
  A dart slug (D:1)
  An orc (D:1)
  A ball python (D:1)
  A bat (D:1)
  4 endoplasms
  A giant cockroach (D:1)
  3 goblins (D:1)
  5 jackals
  2 quokkas
  A frilled lizard (D:2)
  2 kobolds (D:1)
  A rat (D:3)
25 creatures vanquished.

Notes
Turn   | Place    | Note
-------+----------+-------------------------------------------
     0 | D:1      | nxtlvl the Human Gladiator began the quest for the Orb.
     0 | D:1      | Reached XP level 1. HP: 16/16 MP: 1/1
    94 | D:1      | Reached XP level 2. HP: 2/22 MP: 2/2
   420 | D:1      | Reached skill level 4 in Polearms
   420 | D:1      | Reached XP level 3. HP: 22/27 MP: 3/3
   752 | D:4      | Reached XP level 4. HP: 25/33 MP: 4/4
   753 | D:4      | Noticed an ogre
   769 | D:4      | Mangled by an ogre

Illustrated notes

Levels and vault maps discovered:
D:1:      dpeg_arrival_simpleton_a, layout_loops_corners
D:2:      layout_basic, serial_shops, shop, basic_altar, uniq_natasha
D:3:      layout_loops_cross, minmay_strange_pillars
D:4:      layout_basic, chequers_serial_rivers_room_a, uniq_edmund

Skill      XL: |  1  2 |
---------------+-------+-----
Polearms       | 4 |  4.6
Fighting       | |  2.0
Throwing       | |  2.0
Dodging        | |  3.0

Action                   |  1- 3 |  4- 6 || total
-------------------------+-------+-------++-------
Melee: Trident           |   106 |    15 ||   121
Throw: Throwing net      |     2 |     2 ||     4
  Use: Potion            |     1 |       ||     1
 Stab: Held in net/web   |       |     1 ||     1
Armor: Leather armour    |     4 |       ||     4
       Chain mail        |    48 |     2 ||    50
Dodge: Dodged            |    28 |     6 ||    34
